 Dungeon Crawl Stone Soup version 0.32-a0-520-g344ed53f66 (webtiles) character file.

Game seed: 13915937866332505864

11 shadowstone the Sneak (level 2, -2/22 HPs)
             Began as a Coglin Brigand on Feb 27, 2024.
             Frozen to death by an endoplasm (5 damage)
             ... on level 1 of the Dungeon.
             The game lasted 00:00:54 (203 turns).

shadowstone the Sneak (Coglin Brigand)               Turns: 203, Time: 00:00:55

Health: -2/22      AC:  4    Str: 11    XL:     2   Next: 29%
Magic:  2/2        EV: 11    Int: 10    God:
Gold:   26         SH:  0    Dex: 15    Spells: 1/1 levels left

rFire   . . .        a - +2 dagger {Kai}
rCold   . . .        (no shield)
rNeg    . . .        b - +0 robe
rPois   .            (no helmet)
rElec   .            c - +0 cloak
rCorr   .            f - +0 pair of gloves
SInv    .            (no boots)
Will    .....        (no amulet)
Stlth   ++           (ring unavailable)
HPRegen 0.23/turn    (ring unavailable)
MPRegen 0.08/turn

%: no passive effects
@: revving
A: off-hand wielding, slow wielding, warmup strikes, no rings
a: no special abilities


You were on level 1 of the Dungeon.
You visited 1 branch of the dungeon, and saw 1 of its levels.

You collected 26 gold pieces.

Inventory:

Hand Weapons
 a - a +2 dagger (weapon) {Kai}
Missiles
 e - 3 curare-tipped darts
Armour
 b - a +0 robe (worn)
 c - a +0 cloak (worn)
 f - a +0 pair of gloves (worn)
Scrolls
 g - a scroll of identify {unknown}
Potions
 h - a potion of ambrosia {unknown}
 i - a potion of curing {unknown}


   Skills:
 + Level 2.1 Fighting
 + Level 2.1 Short Blades
 + Level 1.7 Throwing
 + Level 0.9 Dodging
 + Level 3.5 Stealth


You had one spell level left.
You didn't know any spells.
Your spell library was empty.

Dungeon Overview and Level Annotations

Branches:
Dungeon (1/15)

Altars:


Innate Abilities, Weirdness & Mutations

You can wield a second weapon in your off-hand.
It takes a long time for you to wield or remove held weapons.
Your first few attacks do less damage.
Your grasper-arms cannot wear rings.


Message History

The goblin closely misses you.
You throw a poisoned dart. The poisoned dart hits the goblin.
The goblin looks even sicker.
The goblin hits you but does no damage.
You throw a poisoned dart.
The poisoned dart barely misses the goblin.
The goblin hits you with a +0 club.
You throw a poisoned dart. The poisoned dart hits the goblin.
The goblin looks even sicker.
The goblin is severely wounded.
You kill the goblin!
You throw a poisoned dart. The poisoned dart hits the endoplasm.
The endoplasm freezes you.
You are frozen.
You throw a poisoned dart. The poisoned dart hits the endoplasm.
The endoplasm freezes you.
You are frozen.
You throw a poisoned dart. The poisoned dart hits the endoplasm.
The endoplasm is poisoned.
A quokka comes into view.
The ball python bites you. The ball python grabs you.
The ball python constricts you.
The endoplasm hits you but does no damage.
The goblin hits you with a +0 club.
You hit the ball python.
The ball python is severely wounded.
The ball python bites you. The ball python constricts you.
The endoplasm freezes you.
You are frozen.
* * * LOW HITPOINT WARNING * * *
The goblin hits you but does no damage.
You hit the ball python.
You kill the ball python!
The endoplasm hits you but does no damage.
The goblin hits you but does no damage.
The endoplasm hits you but does no damage.
You hit the goblin.
The goblin is severely wounded.
The endoplasm freezes you.
You are frozen.
You die...

.# ...###...# ♣## .
.......<.. ♣..
#...#....###...# P
♣.. .#..#...# #.#.#.
P.
♣♣..#.#.....###.##.##
PP♣..?(r.........#
#.# ♣....)##........
...# #....g.#........
.... .♣#..J@.......#
.....
...............###
.....
..♣#..............
....
.........#.....##.
....
..♣#.....#.#.#.....
.... .
.......#.#.......
....
.♣#.....#.###.....
.... .......#.###...#
.... .#..J..#.#.....#
....


You could see an endoplasm (poisoned), a quokka and a goblin.

Vanquished Creatures
  2 dart slugs (D:1)
  2 giant cockroaches (D:1)
  A goblin (D:1)
  2 ball pythons (D:1)
  A kobold (D:1)
8 creatures vanquished.

Notes
Turn   | Place    | Note
-------+----------+-------------------------------------------
     0 | D:1      | shadowstone the Coglin Brigand began the quest for the Orb.
     0 | D:1      | Reached XP level 1. HP: 16/16 MP: 1/1
   137 | D:1      | Reached XP level 2. HP: 22/22 MP: 2/2
   203 | D:1      | Frozen to death by an endoplasm

Illustrated notes

Levels and vault maps discovered:
D:1:      roderic_crossed_star, layout_rooms, serial_forest,
          infiniplex_forest_lined_2, infiniplex_forest_clump_cross,
          infiniplex_forest_join, infiniplex_forest_lined_room_2,
          infiniplex_forest_end_2, infiniplex_forest_end_2,
          infiniplex_forest_lined_room_2, infiniplex_forest_split

Skill      XL: |  1 |
---------------+----+-----
Short Blades   | 2 |  2.1
Fighting       | |  2.1
Throwing       | |  1.7
Dodging        | |  0.9
Stealth        | |  3.5

Action                     || total
---------------------------++-------
  Melee: Dagger            ||    31
  Throw: Dart              ||    14
 Armour: Robe              ||    21
  Dodge: Dodged            ||    15
         Repelled          ||     3

Table legend: (Time is in decaauts)
 A = Elapsed time spent in this place.
 B = Non-inter-level travel time spent in this place.
 C = Inter-level travel time spent in this place.
 D = Time resting spent in this place.
 E = Time spent auto-exploring this place.
 F = Levels seen in this place.
 G = Mean time per level.
                   A        B        C        D        E       F      G
               +--------+--------+--------+--------+--------+-----+--------+
         Total |    199 |    196 |      3 |      0 |     46 |   1 |  199.0 |
       Dungeon |    199 |    196 |      3 |      0 |     46 |   1 |  199.0 |
               +--------+--------+--------+--------+--------+-----+--------+

Top non-repeatable levels by time:
     D:1: 199 daAuts
